Lina, chaotic female human Wizard --- ------------------ --- --- --- |.|---|................|--------------|.-- --.---- |..----------------.|...|................|!*)|..|...|...|..| |...|.--- |...................|...-..--|--.........|%![|..|...|...|..| |.......---- ---..---------...--.|...|..|...|..-----..|...|..|-|---|--..| ----.....|.-- --.| ----|....|.-----..|...|--|((.|..--)---|-.........--- --%......| |.| |..|---...........|...| |((.).............-----...--- ---.....-.| --- |.| |..| |...........|---| |(($|......--+-...|...|.....| |.........| |.--|.| |.-| --....----...|(((|+------..{...| |...-...|.....----.........| |..-|.| --.---.....| +...|(((|.............| |...|...|...............>..| |...|.| |.........| |...|...|-+-.....---|-------------.|............[...| |.....| --.--.--..----...--|-- |..-|-|...........%.[...............%.%..-- --....| --------...|........| |..|[.|----....---------...--...I....[....| --...| ----- |...|..#.....----..|..|$%.-....|......||..------.........-- |.-.| --...----|...|-....{........|..|!%.|....-...._.||.-- --........| |-..--- |.....--.|...--..|.)..#.....--------....|......||.| ---- |...--..-- |.....| |...<.....[[..)..--.....%...............|---------- |...--.------- --...-- --.........------.)[........------------- |......| |..-- |.........| ---.....)....| --.....| ---- |..--..|..| ----.--.---- ------- --- ------- ------ Lina the Thaumaturge Experience level: 7 Strength: 11 Dexterity: 14 Constitution: 16 Intelligence: 19 Wisdom: 7 Charisma: 9 Health: 0(51) Energy: 23(85) Def: 4 Gold: 0 Moves: 4926 Dungeon seed: -HeMgqu-JnOQfGOT Game ID: Lina_1438213952 Your Inventory: Weapons a - a blessed +4 quarterstaff (weapon in hands) Armor e - an uncursed +0 cloak of magic resistance (being worn) n - a blessed +2 pair of jumping boots (being worn) Comestibles B - an uncursed tripe ration Scrolls d - 2 uncursed scrolls of remove curse g - an uncursed scroll of create monster y - an uncursed scroll of enchant armor Potions b - 3 uncursed potions of water f - an uncursed potion of healing Rings c - an uncursed ring of slow digestion (on left hand) Wands v - a wand of light (0:5) Tools h - an uncursed bag of holding x - 4 uncursed tallow candles (0:200) C - an uncursed bugle X - 5 blessed partly used tallow candles (0:104) Gems q - an uncursed jet stone r - an uncursed worthless piece of green glass Contents of the bag of holding: 501 gold pieces 2 uncursed eggs an uncursed orange an uncursed scroll of food detection an uncursed scroll of magic mapping 2 uncursed scrolls of scare monster a blessed spellbook of force bolt a blessed spellbook of magic missile an uncursed spellbook of protection an uncursed potion of fruit juice 2 uncursed potions of see invisible an uncursed ring of free action an uncursed ring of poison resistance an uncursed ring of stealth a wand of cold (0:7) a wand of digging (0:7) a wand of magic missile (0:4) a wand of sleep (0:7) a wand of striking (0:6) a magic marker (0:92) a magic marker (0:73) an uncursed magic whistle an uncursed mirror Spells and supernatural/magical abilities: Name Level Category Fail Memory a - force bolt 1 attack 0% 76% m - magic missile 2 attack 0% 76% p - protection 1 clerical 0% 76% W - pray for help -- divine ? -- Y - supernatural jump -- ability ? -- Your skills at the end: Fighting Skills Weapon Skills quarterstaff [Skilled] Spellcasting Skills attack spells [Basic] enchantment spells [Basic] Final Attributes: You were piously aligned. You were magic-protected. You could jump. You had slower digestion. You were lucky. You are dead. Vanquished creatures: a large mimic a giant beetle a quivering blob a gold golem a human zombie a rope golem an orc shaman a rock mole a fog cloud 7 gnome lords a red naga hatchling a gray ooze a floating eye 8 dwarves 11 hill orcs a rothe a giant bat 11 killer bees a coyote 2 large kobolds 3 giant rats a cave spider 22 gnomes 3 garter snakes 15 manes 5 geckos 7 jackals 2 foxen 3 kobolds 5 goblins 2 grid bugs 4 lichens 2 kobold zombies 6 newts 134 creatures vanquished. Voluntary challenges: You had been an atheist until turn 2893. You used a wielded weapon 148 times, starting on turn 2. You read items or engraved 9 times, starting on turn 602. You never genocided any monsters. You never polymorphed an object. You never changed form. You used no wishes. You never split a pudding. You wrote Elbereth's name 5 times, starting on turn 602. You never violated your personal moral code. Dungeon overview: The Dungeons of Doom: levels 1 to 3 Level 1 a fountain, a sink a long staircase Level 2 a fountain, a sink Level 3 a delicatessen, a fountain stairs to The Gnomish Mines The Gnomish Mines: levels 4 to 7 Level 4 stairs to The Dungeons of Doom Level 5 Level 6 <- You were here many shops, a temple to Ptah, some fountains, some trees Level 7 History has recorded: On T:1 you entered the Dungeons of Doom to retrieve the Amulet of Yendor! On T:31 you reached level 2 of The Dungeons of Doom. On T:333 you advanced to experience level 2. On T:684 you advanced to experience level 3. On T:1427 you reached level 3 of The Dungeons of Doom. On T:1591 you advanced to experience level 4. On T:1799 you reached level 1 of The Gnomish Mines. On T:1812 you advanced to experience level 5. On T:1971 you reached level 2 of The Gnomish Mines. On T:2222 you advanced to experience level 6. On T:2622 you reached level 3 of The Gnomish Mines. On T:3828 you advanced to experience level 7. On T:4616 you reached level 4 of The Gnomish Mines. Score breakdown: Gold: 501 ( 50 points) Experience: 7 levels ( 600 points) Exploration: 7 levels ( 180 points) Discoveries: 14 items ( 700 points) Variety of kills: 34 monsters ( 1700 points) Major goal: (nothing yet) ( 0 points) Survival: died (score multiplied by 3) Total score: 9690 Latest messages: The watch captain zaps a wand of sleep! The sleep ray hits you! Something hits! (5x) You die... Final status: Goodbye Lina the Wizard, killed by a watch captain, while sleeping... You died in The Gnomish Mines on dungeon level 6 with 9690 points, and 501 pieces of gold, after 4926 moves. You were level 7 with a maximum of 51 hit points when you died.